 Dungeon Crawl Stone Soup version 0.18.1-50-g88ac8fd (webtiles) character file.

93 d1v1ne the Covert (level 4, 0/22 HPs)
             Began as a Spriggan Assassin on Oct 10, 2016.
             Slain by Apert's ghost (1 damage)
             ... on level 3 of the Dungeon.
             The game lasted 00:18:40 (2143 turns).

d1v1ne the Covert (Spriggan Assassin)               Turns: 2143, Time: 00:18:40

Health: 0/22       AC:  3    Str:  7    XL:     4   Next: 37%
Magic:  5/5        EV: 12    Int: 12    God:
Gold:   50         SH:  0    Dex: 18    Spells: 0 memorised, 3 levels left

rFire  . . .     SeeInvis +     a - +2 dagger
rCold  . . .     Gourm    .     c - +0 robe
rNeg   . . .     Faith    .     (shield restricted)
rPois  .         Spirit   .     (helmet restricted)
rElec  .         Dismiss  .     d - +0 cloak
rCorr  .         Reflect  .     (gloves unavailable)
SustAt .         Harm     .     (boots unavailable)
MR     +....                    (no amulet)
Stlth  +++++.....               (no ring)
                                l - ring of protection from magic

@: very quick, somewhat resistant to hostile enchantments, quite stealthy
A: unfitting armour, see invisible, herbivore 3, speed 3, slow metabolism 2
a: no special abilities


You were on level 3 of the Dungeon.
You were not hungry.

You visited 1 branch of the dungeon, and saw 3 of its levels.

You collected 50 gold pieces.

Inventory:

Hand Weapons
 a - a +2 dagger (weapon)
 b - a +0 blowgun
Missiles
 e - 8 poisoned needles
 f - 2 curare-tipped needles
Armour
 c - a +0 robe (worn)
 d - a +0 cloak (worn)
Jewellery
 l - a ring of protection from magic (left hand)
Scrolls
 i - 2 scrolls of teleportation {unknown}
 j - a scroll of enchant armour {unknown}
 k - a scroll of enchant weapon {unknown}
 n - 2 scrolls of blinking {unknown}
 o - 3 scrolls of identify {unknown}
 s - a scroll of immolation {unknown}
 u - a scroll of remove curse {unknown}
Potions
 h - a potion of lignification
 m - a potion of curing {unknown}
 p - a potion of might {unknown}
 q - a potion of resistance {unknown}
 r - a potion of heal wounds {unknown}
 t - a potion of haste {unknown}
 v - a potion of ambrosia {unknown}
Comestibles
 g - 2 bread rations


   Skills:
 - Level 1.5 Fighting
 - Level 2.1 Short Blades
 - Level 2.0 Throwing
 - Level 1.5 Dodging
 + Level 8.9 Stealth


You had 3 spell levels left.
You didn't know any spells.

Dungeon Overview and Level Annotations

Branches:
Dungeon (3/15)

Altars:
Pakellas

Annotations:
D:3 Apert's ghost, amateur HOFi


Innate Abilities, Weirdness & Mutations

You are tiny and cannot use many weapons and most armour.
You have supernaturally acute eyesight.
You are a herbivore.
You cover ground extremely quickly.
You need consume almost no food.


Message History

There is a stone staircase leading up here.
A giant newt and a player ghost come into view.
Unknown command.
There is a stone staircase leading up here.
You start resting.
HP restored.
You start waiting.
Apert's ghost turns its malevolent gaze towards you.
You hit Apert's ghost.
Apert's ghost is lightly damaged.
Apert's ghost hits you!
Ouch! That really hurt!
You hit Apert's ghost.
Apert's ghost is lightly damaged.
Apert's ghost hits you!
* * * LOW HITPOINT WARNING * * *
Unknown command.
Unknown command.
Apert's ghost hits you.
You die...

. ...
.....#####
.l.......#
..W#.###W####
#@....#
##.##.# #...
# #####


You could see Apert's ghost.

Vanquished Creatures
  4 adders
  A worm (D:2)
  A dart slug (D:1)
  5 giant geckos
  4 bats
  5 giant cockroaches
  5 goblins
  6 hobgoblins
  4 kobolds
  3 quokkas (D:2)
  A giant newt (D:2)
  5 rats
44 creatures vanquished.

Vanquished Creatures (others)
  A lightning spire (D:2)
  A bush (D:2)
2 creatures vanquished.

Grand Total: 46 creatures vanquished

Notes
Turn   | Place    | Note
--------------------------------------------------------------
     0 | D:1      | d1v1ne the Spriggan Assassin began the quest for the Orb.
     0 | D:1      | Reached XP level 1. HP: 10/10 MP: 2/2
    14 | D:1      | Reached skill level 6 in Stealth
   260 | D:1      | Reached XP level 2. HP: 11/14 MP: 3/3
   556 | D:1      | Reached skill level 7 in Stealth
   915 | D:2      | Reached XP level 3. HP: 15/18 MP: 4/4
  1325 | D:2      | Found an oddly glowing altar of Pakellas.
  1326 | D:2      | Noticed a gargoyle
  1386 | D:2      | Reached skill level 8 in Stealth
  1582 | D:2      | Reached XP level 4. HP: 7/22 MP: 5/5
  2133 | D:3      | Noticed Apert's ghost (amateur HOFi)
  2142 | D:3      | HP: 1/22 [Apert's ghost (7)]
  2143 | D:3      | Slain by Apert's ghost

Skill      XL: |  1  2  3 |
---------------+----------+-----
Stealth        | 6 7 8 |  8.9
Fighting       | |  1.5
Short Blades   | |  2.1
Throwing       | |  2.0
Dodging        | |  1.5

Action                   |  1- 3 |  4- 6 || total
-------------------------+-------+-------++-------
Melee: Dagger            |   140 |    27 ||   167
  Use: Potion            |     1 |       ||     1
 Stab: Sleeping          |    14 |     2 ||    16
       Distracted        |     2 |       ||     2
Armor: Robe              |    13 |     1 ||    14
       Skin              |       |     3 ||     3
Dodge: Dodged            |    88 |    16 ||   104
